AoeStats
← PAnDA_2_0

Arabia

510567478Analyzed
1v1 RM · 1d ago on Oct 1, 2026· 40m 32s· 2 players
Game mode
Random Map
Map size
Tiny (2 player)
Population
200
Speed
Normal
Resources
Standard
Victory
Conquest
Starting age
Dark Age
Ending age
Imperial Age
RankedLock teamsTeams togetherTeam positionsShared explorationLock speedFull tech treeHidden civsTurbo modeCheats
Victory
Defeat
🇩🇪 Vikings · Germany
1455
+14
🇷🇺 Mongols · Russia
1415
-28
PAnDA_2_0
5:13 Loom
8:07 Feudal Age
9:20 Double-Bit Axe
16:17 Horse Collar
23:04 Castle Age
21:46 Padded Archer Armor
22:51 Bloodlines
27:31 Fletching
30:38 Bodkin Arrow
31:57 Leather Archer Armor
33:15 Town Watch
34:44 Wheelbarrow
37:11 Bow Saw
38:00 Gold Mining
41:59 Imperial Age
MJson
6:31 Loom
9:22 Feudal Age
9:32 Man-at-Arms
16:43 Double-Bit Axe
21:08 Castle Age
19:09 Horse Collar
19:34 Padded Archer Armor
20:06 Fletching
21:13 Gold Mining
21:59 Bow Saw
21:11 Crossbowman
21:48 Bodkin Arrow
23:08 Leather Archer Armor
28:40 Ballistics
35:03 Imperial Age
33:27 Scale Mail Armor
33:38 Forging
36:56 Chemistry
35:59 Bracer
35:25 Arbalester
38:14 Conscription
38:42 Gold Shaft Mining
38:39 Pikeman
39:20 Squires
39:06 Arson
39:36 Elite Varangian Guard
Connection lost

Rejoining the realm…

Still unreachable

The connection could not be restored.

Session expired

The server has moved on; the page needs a fresh start.